 Dungeon Crawl Stone Soup version 0.29-a0-243-g602b31c20e (webtiles) character file.

Game seed: 3317326388095621761

154 enile the Skirmisher (level 5, 0/41 HPs)
             Began as a Djinni Fire Elementalist on Mar 5, 2022.
             Was a Follower of Qazlal.
             Killed by divine providence
             ... invoked by an orc priest
              (9 damage)
             ... on level 3 of the Dungeon.
             The game lasted 00:01:48 (3330 turns).

enile the Skirmisher (Djinni Fire Elementalist)     Turns: 3330, Time: 00:01:49

Health: 0/41       AC:  3    Str:  7    XL:     5   Next: 63%
Gold:   73         EV: 12    Int: 18    God:    Qazlal [*.....] SH:  2 Dex: 14

rFire   + + .      SeeInvis .   o - +3 dagger (speed)
rCold   x . .      Faith    .   (no shield)
rNeg    . . .      Spirit   .   a - +1 robe
rPois   ∞          Reflect  .   (no helmet)
rElec   .          Harm     .   (no cloak)
rCorr   .          Rampage  .   (no gloves)
Will    .....                   (boots unavailable)
Stlth   ++........              (no amulet)
HPRegen 0.13/turn               (no ring)
MPRegen 0.00/turn               (no ring)

@: flying
A: sickness immunity, fire resistance 2, cold vulnerability 1, float, innate
caster, HP casting, extra vitality 1
a: Renounce Religion


You were on level 3 of the Dungeon.
You worshipped Qazlal.
Qazlal was aware of your devotion.
You visited 1 branch of the dungeon, and saw 3 of its levels.

You collected 73 gold pieces.

Inventory:

Hand Weapons
 o - a +3 dagger of speed (weapon)
Armour
 a - a +1 robe (worn)
Wands
 j - a wand of acid (8)
Scrolls
 b - 5 scrolls of identify {unknown}
 d - 2 scrolls of amnesia {unknown}
 h - a scroll of teleportation {unknown}
 i - a scroll of immolation {unknown}
 l - a scroll of vulnerability {unknown}
Potions
 e - 2 potions of attraction {unknown}
 f - a potion of brilliance {unknown}
 k - a potion of might {unknown}
 m - a potion of curing {unknown}
 n - a potion of lignification {unknown}


   Skills:
 - Level 4.0 Fighting
 + Level 2.8 Dodging
 - Level 1.5 Stealth
 - Level 3.0 Spellcasting


You couldn't memorise any spells.
You knew the following spells:

 Your Spells              Type           Power      Damage    Failure   Level
a - Foxfire               Conj/Fire      52%        2x1d6     4%          1
b - Scorch                Fire           26%        2d6       7%          2
c - Conjure Flame         Conj/Fire      13%        6-21      14%         3
d - Inner Flame           Hex/Fire       13%        N/A       14%         3
e - Flame Wave            Conj/Fire      13%        2d6       43%         4
f - Pain                  Necr           52%        1d6       4%          1
g - Corpse Rot            Necr/Air       26%        N/A       7%          2
Your spell library was empty.

Dungeon Overview and Level Annotations

Branches:
Dungeon (3/15)

Altars:
Qazlal


Innate Abilities, Weirdness & Mutations

You are immune to sickness and miasma.
You are immune to poison.
Your flesh is very heat resistant. (rF++)
You are vulnerable to cold. (rC-)
You float through the air rather than walking.
You learn spells naturally, not from books.
Your magical power is your life essence.
You have superior vitality. (+4 MHP)


Message History

There are monsters nearby!
Casting: Foxfire (safe; 4% risk of failure)
Confirm with . or Enter, or press ? or * to list all spells.
There is not enough space to conjure foxfire!
There are monsters nearby!
Your foxfire dissipates!
Casting: Foxfire (safe; 4% risk of failure)
Confirm with . or Enter, or press ? or * to list all spells.
Flames lash the orc.
You kill the orc!
Qazlal accepts your kill. The orc completely misses you.
The orc hits you with a +0 whip.
Casting: Scorch (safe; 7% risk of failure)
Confirm with . or Enter, or press ? or * to list all spells.
Flames lash the orc wizard.
The orc wizard is moderately wounded.
The orc wizard's fire resistance burns away.
The orc hits you with a +0 whip. The orc hits you with a +0 whip.
Casting: Scorch (safe; 7% risk of failure)
Confirm with . or Enter, or press ? or * to list all spells.
Flames lash the orc wizard.
The orc wizard is burned terribly!
You kill the orc wizard!
Qazlal accepts your kill.
The orc wizard casts a spell.
The orc wizard flickers and vanishes!
Deactivating autopickup; reactivate with Ctrl-A.
The orc hits you with a +0 whip.
* * * LOW HITPOINT WARNING * * *
The orc closely misses you.
As you read the scroll labelled ZYCHOI PUUDIY, it crumbles to dust.
It is a scroll of enchant armour.
Your +0 robe glows green for a moment.
The orc hits you but does no damage.
As you read the scroll labelled INOBYEDWOO, it crumbles to dust.
It is a scroll of enchant weapon.
Your +2 dagger of speed glows red for a moment.
The orc priest calls down the wrath of Beogh upon you.
Beogh smites you!
You die...

..............#
..............#
..............#
....#'#.......#
##..#.#.......#
....#.#########
#...#.############
....#............#
################@#
#o# ......{o#
.....)..#
.....#### .....
.###


You could see an orc priest and an orc.

Vanquished Creatures
  Jessica (D:3)
  An orc wizard (D:3)
  3 adders
  2 worms
  4 dart slugs
  An orc (D:3)
  5 endoplasms
  4 giant cockroaches
  7 goblins (D:1)
  9 hobgoblins
  6 kobolds
  2 quokkas (D:1)
  2 ball pythons
  4 bats
  6 frilled lizards
  5 rats
  A foxfire (D:2)
63 creatures vanquished.

Vanquished Creatures (others)
  218 foxfires
218 creatures vanquished.

Grand Total: 281 creatures vanquished

Notes
Turn   | Place    | Note
-------+----------+-------------------------------------------
     0 | D:1      | enile the Djinni Fire Elementalist began the quest for the
                  | Orb.
     0 | D:1      | Reached XP level 1. HP: 15/15 MP: 0/0
   128 | D:1      | Reached skill level 1 in Fighting
   132 | D:1      | Reached XP level 2. HP: 15/22 MP: 0/0
   428 | D:1      | Reached skill level 2 in Fighting
   775 | D:1      | Reached XP level 3. HP: 27/29 MP: 0/0
   775 | D:1      | Learned a level 1 spell: Pain
   861 | D:1      | Found a faded altar of an unknown god.
  1065 | D:1      | Reached skill level 3 in Fighting
  1413 | D:1      | Prayed at the altar of an unknown god.
  1413 | D:1      | Became a worshipper of Qazlal Stormbringer
  1413 | D:1      | Reached * piety under Qazlal
  1583 | D:2      | Reached XP level 4. HP: 33/35 MP: 0/0
  2873 | D:3      | Noticed Jessica
  2882 | D:3      | Killed Jessica
  2883 | D:3      | Reached XP level 5. HP: 34/40 MP: 0/0
  2883 | D:3      | Learned a level 2 spell: Corpse Rot
  3276 | D:3      | Reached skill level 4 in Fighting
  3330 | D:3      | Killed from afar by an orc priest

Illustrated notes

Levels and vault maps discovered:
D:1:      amcnicky_arrival_blooded_trapdoor, layout_rooms,
          shapermc_ecumenical_altar_venn
D:2:      layout_basic
D:3:      layout_basic, chequers_hall_statues_wall_a,
          hangedman_abyss_or_decor_lesser_grid, kennysheep_pointless_box,
          minmay_misc_feat_cross, hangedman_decor_push, uniq_jessica

Skill      XL: |  1  2  3  4  5 |
---------------+----------------+-----
Fighting       | 1 2 3 4 |  4.0
Spellcasting   | 3 |  3.0
Dodging        | |  2.8
Stealth        | |  1.5

Action                   |  1- 3 |  4- 6 || total
-------------------------+-------+-------++-------
 Cast: Foxfire           |    73 |    62 ||   135
       Scorch            |     8 |    11 ||    19
  Use: Scroll            |       |     2 ||     2
Armor: Robe              |     7 |     1 ||     8
Dodge: Dodged            |    15 |    11 ||    26

Table legend: (Time is in decaauts)
 A = Elapsed time spent in this place.
 B = Non-inter-level travel time spent in this place.
 C = Inter-level travel time spent in this place.
 D = Time resting spent in this place.
 E = Time spent auto-exploring this place.
 F = Levels seen in this place.
 G = Mean time per level.
                   A        B        C        D        E       F      G
               +--------+--------+--------+--------+--------+-----+--------+
         Total |   3329 |   3255 |     74 |      0 |   2838 |   3 | 1109.7 |
       Dungeon |   3329 |   3255 |     74 |      0 |   2838 |   3 | 1109.7 |
               +--------+--------+--------+--------+--------+-----+--------+

Top non-repeatable levels by time:
     D:2: 1445 daAuts
     D:1: 1426 daAuts
     D:3: 457 daAuts
